| TOP OF THE 1ST |
|
St. Petersburg Saints batting - Pitching for West Palm Beach Expos : RHP Felipe Lopez
|
|
Pitching: RHP Felipe Lopez
|
|
|
Batting: RHB Jeff Pyburn
|
0-0: Ball 1-0: Ground out 5-3 (Groundball, 56S, EV 83.1 MPH)
|
|
Batting: RHB Pablo Carballo
|
0-0: Ball 1-0: Called Strike 1-1: Ball 2-1: Foul Ball, location: 2F 2-2: Ball 3-2: Fly out, F9 (Line Drive, 9, EV 85.6 MPH)
|
|
Batting: LHB Terry Blocker
|
0-0: Ground out 6-3 (Groundball, 6M, EV 104.4 MPH)
|
| Top of the 1st over - 0 runs, 0 hits, 0 errors, 0 left on base; St. Petersburg 0 - West Palm Beach 0 |
| BOTTOM OF THE 1ST |
|
West Palm Beach Expos batting - Pitching for St. Petersburg Saints : RHP Gerardo Moreno
|
|
Pitching: RHP Gerardo Moreno
|
|
|
Batting: RHB Roland Oruna
|
0-0: Ball 1-0: Foul Ball, location: 2F 1-1: SINGLE (Groundball, 3S, EV 62.5 MPH) (infield hit)
|
|
Batting: RHB Steve Kiefer
|
0-0: Foul Ball, location: 2F 0-1: Ball 1-1: Ball 2-1: Fly out, F9 (Flyball, 89M, EV 83.8 MPH)
|
|
Batting: SHB Terry Pendleton
|
0-0: TRIPLE (Line Drive, 78XD, EV 108.8 MPH) Roland Oruna scores
|
|
Batting: LHB Keith Hughes
|
0-0: Foul Ball, location: 2F 0-1: Ball 1-1: Foul Ball, location: 2F 1-2: SINGLE (Groundball, 56S, EV 55.6 MPH) (infield hit) Terry Pendleton scores
|
|
Batting: RHB Don Berti
|
0-0: Ball 1-0: Grounds into double play, 6-4-3 (Groundball, 6, EV 110.0 MPH)
|
| Bottom of the 1st over - 2 runs, 3 hits, 0 errors, 0 left on base; St. Petersburg 0 - West Palm Beach 2 |
| TOP OF THE 2ND |
|
St. Petersburg Saints batting - Pitching for West Palm Beach Expos : RHP Felipe Lopez
|
|
Batting: RHB Rock Coyle
|
0-0: Ball 1-0: DOUBLE (Line Drive, 7D, EV 93.1 MPH)
|
|
Batting: RHB Ric Despaux
|
0-0: Ball 1-0: Ball 2-0: Ball 3-0: Base on Balls
|
|
Batting: RHB Randy Ingle
|
0-0: Called Strike 0-1: Ball 1-1: Ball 2-1: Foul Ball, location: 2F 2-2: Strikes out swinging
|
|
Batting: RHB Joe Lansford
|
0-0: Called Strike 0-1: Ball 1-1: Foul Ball, location: 2F 1-2: Ball 2-2: Reached via error on a dropped throw from P, E6 (Groundball, 23, EV 70.6 MPH) Rock Coyle to third Ric Despaux to second
|
|
Batting: RHB Roberto Alvarez
|
0-0: Ball 1-0: Fly out, F9 (Flyball, 89S, EV 86.3 MPH)
|
|
Batting: RHB Francisco Escalera
|
0-0: Ball 1-0: Ground out 6-3 (Groundball, 6S, EV 85.0 MPH)
|
| Top of the 2nd over - 0 runs, 1 hit, 1 error, 3 left on base; St. Petersburg 0 - West Palm Beach 2 |
| BOTTOM OF THE 2ND |
|
West Palm Beach Expos batting - Pitching for St. Petersburg Saints : RHP Gerardo Moreno
|
|
Batting: LHB Jesus Alfes
|
0-0: Ball 1-0: Foul Ball, location: 2F 1-1: Ball 2-1: Called Strike 2-2: SINGLE (Groundball, 56D, EV 95.0 MPH)
|
|
Batting: RHB Humberto Cardenas
|
0-0: Grounds into double play, 6-4-3 (Groundball, 6, EV 83.1 MPH)
|
|
Batting: LHB Michael Supczenski
|
0-0: Called Strike 0-1: Ball 1-1: Ball 2-1: Called Strike 2-2: Ground out 4-3 (Groundball, 34, EV 82.5 MPH)
|
| Bottom of the 2nd over - 0 runs, 1 hit, 0 errors, 0 left on base; St. Petersburg 0 - West Palm Beach 2 |
| TOP OF THE 3RD |
|
St. Petersburg Saints batting - Pitching for West Palm Beach Expos : RHP Felipe Lopez
|
|
Batting: RHB Jeff Pyburn
|
0-0: Called Strike 0-1: Ball 1-1: Called Strike 1-2: SINGLE (Groundball, 56D, EV 98.1 MPH)
|
|
Batting: RHB Pablo Carballo
|
0-0: Ball 1-0: Called Strike 1-1: Foul Ball, location: 2F 1-2: Foul Ball, location: 2F 1-2: Ball 2-2: Strikes out swinging
|
|
Batting: LHB Terry Blocker
|
0-0: Called Strike 0-1: Ball Wild Pitch! Jeff Pyburn to second 1-1: Swinging Strike 1-2: Ball 2-2: Foul Ball, location: 2F 2-2: Foul Ball, location: 2F 2-2: Foul Ball, location: 2F 2-2: Strikes out swinging, 2-3 out at first.
|
|
Batting: RHB Rock Coyle
|
0-0: Called Strike 0-1: Called Strike 0-2: Ball 1-2: Ball 2-2: Strikes out swinging
|
| Top of the 3rd over - 0 runs, 1 hit, 0 errors, 1 left on base; St. Petersburg 0 - West Palm Beach 2 |
| BOTTOM OF THE 3RD |
|
West Palm Beach Expos batting - Pitching for St. Petersburg Saints : RHP Gerardo Moreno
|
|
Batting: RHB David DaCosta
|
0-0: Called Strike 0-1: Called Strike 0-2: Strikes out swinging
|
|
Batting: RHB Roland Oruna
|
0-0: Called Strike 0-1: Ball 1-1: Called Strike 1-2: Fly out, F4 (Line Drive, 4, EV 74.4 MPH)
|
|
Batting: RHB Steve Kiefer
|
0-0: Ball 1-0: Ball 2-0: Foul Ball, location: 2F 2-1: Swinging Strike 2-2: Foul Ball, location: 2F 2-2: Strikes out swinging
|
| Bottom of the 3rd over - 0 runs, 0 hits, 0 errors, 0 left on base; St. Petersburg 0 - West Palm Beach 2 |
| TOP OF THE 4TH |
|
St. Petersburg Saints batting - Pitching for West Palm Beach Expos : RHP Felipe Lopez
|
|
Batting: RHB Ric Despaux
|
0-0: Called Strike 0-1: Ball 1-1: SINGLE (Groundball, 4S, EV 74.4 MPH) (infield hit)
|
|
Batting: RHB Randy Ingle
|
0-0: Foul Ball, location: 2F 0-1: Foul Ball, location: 2F 0-2: Ball 1-2: Ball 2-2: Foul Ball, location: 2F 2-2: Ball 3-2: Ground out 5-3 (Groundball, 5, EV 83.1 MPH) Ric Despaux to second
|
|
Batting: RHB Joe Lansford
|
0-0: Foul Ball, location: 2F 0-1: Swinging Strike 0-2: Ball 1-2: Ball 2-2: Ball 3-2: Base on Balls
|
|
Batting: RHB Roberto Alvarez
|
0-0: Ball 1-0: Swinging Strike 1-1: Foul Ball, location: 2F 1-2: Ball 2-2: SINGLE (Groundball, 6MS, EV 68.1 MPH) (infield hit) Ric Despaux to third Joe Lansford to second
|
|
Batting: RHB Francisco Escalera
|
0-0: Swinging Strike 0-1: Ball 1-1: Swinging Strike 1-2: Strikes out swinging
|
|
Batting: RHB Jeff Pyburn
|
0-0: Called Strike 0-1: SINGLE (Groundball, 6D, EV 101.3 MPH) Ric Despaux scores Joe Lansford to third Roberto Alvarez to second Runner from 3rd tries for Home, SAFE, throw by CF to home
|
|
Batting: RHB Pablo Carballo
|
0-0: Swinging Strike 0-1: SINGLE (Line Drive, 9S, EV 101.9 MPH) Roberto Alvarez to third Jeff Pyburn to second Runner from 3rd tries for Home, SAFE, throw by RF to home
|
|
Batting: LHB Terry Blocker
|
0-0: Called Strike 0-1: Ball 1-1: Ball 2-1: Fly out, F6 (Popup, 6S, EV 69.4 MPH)
|
| Top of the 4th over - 3 runs, 4 hits, 0 errors, 2 left on base; St. Petersburg 3 - West Palm Beach 2 |
| BOTTOM OF THE 4TH |
|
West Palm Beach Expos batting - Pitching for St. Petersburg Saints : RHP Gerardo Moreno
|
|
Batting: SHB Terry Pendleton
|
0-0: Foul Ball, location: 2F 0-1: Swinging Strike 0-2: Foul Ball, location: 2F 0-2: Foul Ball, location: 2F 0-2: Strikes out swinging
|
|
Batting: LHB Keith Hughes
|
0-0: Foul Ball, location: 2F 0-1: Ball 1-1: Ball 2-1: Ground out 6-3 (Groundball, 6, EV 91.9 MPH)
|
|
Batting: RHB Don Berti
|
0-0: Ball 1-0: Ball 2-0: Ball 3-0: Called Strike 3-1: Fly out, F8 (Line Drive, 8LD, EV 90.0 MPH)
|
| Bottom of the 4th over - 0 runs, 0 hits, 0 errors, 0 left on base; St. Petersburg 3 - West Palm Beach 2 |
| TOP OF THE 5TH |
|
St. Petersburg Saints batting - Pitching for West Palm Beach Expos : RHP Felipe Lopez
|
|
Batting: RHB Rock Coyle
|
0-0: Ball 1-0: Called Strike 1-1: Called Strike 1-2: Ground out 5-3 (Groundball, 56, EV 88.8 MPH)
|
|
Batting: RHB Ric Despaux
|
0-0: Foul Ball, location: 2F 0-1: Foul Ball, location: 2F 0-2: Strikes out swinging
|
|
Batting: RHB Randy Ingle
|
0-0: Called Strike 0-1: Called Strike 0-2: Strikes out looking
|
| Top of the 5th over - 0 runs, 0 hits, 0 errors, 0 left on base; St. Petersburg 3 - West Palm Beach 2 |
| BOTTOM OF THE 5TH |
|
West Palm Beach Expos batting - Pitching for St. Petersburg Saints : RHP Gerardo Moreno
|
|
Batting: LHB Jesus Alfes
|
0-0: Ball 1-0: Foul Ball, location: 2F 1-1: SINGLE (Groundball, 34S, EV 78.8 MPH) (infield hit)
|
|
Batting: RHB Humberto Cardenas
|
0-0: Ball 1-0: Bunted foul 1-1: Sac Bunt to 13S - play at first, batter OUT! 1-4 Jesus Alfes to second
|
|
Batting: LHB Michael Supczenski
|
0-0: Ball 1-0: Called Strike 1-1: Ball 2-1: Ball 3-1: Base on Balls
|
|
Batting: RHB David DaCosta
|
0-0: SINGLE (Groundball, 34D, EV 108.1 MPH) Jesus Alfes to third Michael Supczenski to second Runner from 3rd tries for Home, SAFE, throw by RF to home
|
|
Batting: RHB Roland Oruna
|
0-0: Ball 1-0: Ball 2-0: Ball 3-0: Base on Balls Michael Supczenski to third David DaCosta to second
|
|
Batting: RHB Steve Kiefer
|
0-0: Foul Ball, location: 2F 0-1: Ball 1-1: Fly out, F8 (Flyball, 8LXD, EV 103.1 MPH) Runner from 3rd tags up, SCORES, no throw by CF David DaCosta to third
|
|
Batting: SHB Terry Pendleton
|
0-0: Ball 1-0: SINGLE (Groundball, 6M, EV 96.9 MPH) David DaCosta scores Roland Oruna to second Runner from 2nd tries for 3rd, SAFE, no throw by CF
|
|
Pitching: RHP Michael Nedelisky
|
|
|
Batting: LHB Keith Hughes
|
0-0: Ball 1-0: Foul Ball, location: 2F 1-1: Foul Ball, location: 2F 1-2: Fly out, F7 (Flyball, 78D, EV 108.8 MPH)
|
| Bottom of the 5th over - 3 runs, 3 hits, 0 errors, 2 left on base; St. Petersburg 3 - West Palm Beach 5 |
| TOP OF THE 6TH |
|
St. Petersburg Saints batting - Pitching for West Palm Beach Expos : RHP Felipe Lopez
|
|
Batting: RHB Joe Lansford
|
0-0: Called Strike 0-1: Swinging Strike 0-2: Foul Ball, location: 2F 0-2: Ball 1-2: Fly out, F9 (Flyball, 9LS, EV 94.4 MPH)
|
|
Batting: RHB Roberto Alvarez
|
0-0: Hit by Pitch
|
|
Batting: RHB Francisco Escalera
|
0-0: Fielders Choice at 2nd, 4-6 (Groundball, 34, EV 106.3 MPH)
|
|
Batting: RHB Jeff Pyburn
|
0-0: Ball Francisco Escalera is caught stealing 2nd base 2-4
|
| Top of the 6th over - 0 runs, 0 hits, 0 errors, 0 left on base; St. Petersburg 3 - West Palm Beach 5 |
| BOTTOM OF THE 6TH |
|
West Palm Beach Expos batting - Pitching for St. Petersburg Saints : RHP Michael Nedelisky
|
|
Batting: RHB Don Berti
|
0-0: Called Strike 0-1: Foul Ball, location: 2F 0-2: Ball 1-2: Ball 2-2: Foul Ball, location: 2F 2-2: Strikes out swinging
|
|
Batting: LHB Jesus Alfes
|
0-0: Foul Ball, location: 2F 0-1: Ball 1-1: SINGLE (Line Drive, 56, EV 98.1 MPH)
|
|
Batting: RHB Humberto Cardenas
|
0-0: Called Strike 0-1: Swinging Strike 0-2: Ball 1-2: Foul Ball, location: 2F 1-2: Strikes out swinging
|
|
Pitching: RHP Scott Dwyer
|
|
|
Batting: LHB Michael Supczenski
|
0-0: Ball 1-0: Called Strike 1-1: Ball 2-1: Foul Ball, location: 2F 2-2: Foul Ball, location: 2F 2-2: Ground out 4-3 (Groundball, 4, EV 100.0 MPH)
|
| Bottom of the 6th over - 0 runs, 1 hit, 0 errors, 1 left on base; St. Petersburg 3 - West Palm Beach 5 |
| TOP OF THE 7TH |
|
St. Petersburg Saints batting - Pitching for West Palm Beach Expos : RHP Felipe Lopez
|
|
Batting: RHB Jeff Pyburn
|
0-0: Called Strike 0-1: Swinging Strike 0-2: Foul Ball, location: 2F 0-2: Ball 1-2: Fly out, F9 (Flyball, 9S, EV 85.0 MPH)
|
|
Batting: RHB Pablo Carballo
|
0-0: Fly out, F8 (Line Drive, 8LD, EV 95.6 MPH)
|
|
Batting: LHB Terry Blocker
|
0-0: Ball 1-0: Swinging Strike 1-1: SINGLE (Line Drive, 3D, EV 97.5 MPH)
|
|
Batting: RHB Rock Coyle
|
0-0: Ball 1-0: Ball Terry Blocker steals 2nd base (no throw) 2-0: Foul Ball, location: 2F 2-1: Fly out, F8 (Flyball, 8RM, EV 92.5 MPH)
|
| Top of the 7th over - 0 runs, 1 hit, 0 errors, 1 left on base; St. Petersburg 3 - West Palm Beach 5 |
| BOTTOM OF THE 7TH |
|
West Palm Beach Expos batting - Pitching for St. Petersburg Saints : RHP Scott Dwyer
|
|
Batting: RHB David DaCosta
|
0-0: Called Strike 0-1: SINGLE (Groundball, 5S, EV 76.3 MPH) (infield hit)
|
|
Batting: RHB Roland Oruna
|
0-0: Ball 1-0: Ball 2-0: Foul Ball, location: 2F 2-1: Ball 3-1: Foul Ball, location: 2F 3-2: Foul Ball, location: 2F 3-2: Foul Ball, location: 2F 3-2: Foul Ball, location: 2F 3-2: Base on Balls David DaCosta to second
|
|
Batting: RHB Steve Kiefer
|
0-0: Ball 1-0: Called Strike 1-1: Ball 2-1: Ball 3-1: Foul Ball, location: 2F 3-2: Fielders Choice at 2nd, 6-4 (Groundball, 6, EV 91.3 MPH) David DaCosta to third
|
|
Pitching: RHP Richard Robinson
|
|
|
Batting: SHB Terry Pendleton
|
0-0: Ball Steve Kiefer steals 2nd, throwing error, E2 David DaCosta scores Steve Kiefer to third 1-0: Ball 2-0: Called Strike 2-1: SINGLE (Groundball, 6, EV 100.6 MPH) (infield hit) Steve Kiefer scores
|
|
Batting: LHB Keith Hughes
|
0-0: Grounds into double play, 6-4-3 (Groundball, 6, EV 84.4 MPH)
|
| Bottom of the 7th over - 2 runs, 2 hits, 1 error, 0 left on base; St. Petersburg 3 - West Palm Beach 7 |
| TOP OF THE 8TH |
|
St. Petersburg Saints batting - Pitching for West Palm Beach Expos : RHP Felipe Lopez
|
|
Batting: RHB Ric Despaux
|
0-0: Ball 1-0: Called Strike 1-1: Foul Ball, location: 2F 1-2: Ball 2-2: Strikes out swinging
|
|
Batting: RHB Randy Ingle
|
0-0: Ball 1-0: Ball 2-0: Fly out, F9 (Flyball, 89D, EV 84.4 MPH)
|
|
Batting: RHB Joe Lansford
|
0-0: Foul Ball, location: 2F 0-1: Fly out, F8 (Line Drive, 8LD, EV 86.9 MPH)
|
| Top of the 8th over - 0 runs, 0 hits, 0 errors, 0 left on base; St. Petersburg 3 - West Palm Beach 7 |
| BOTTOM OF THE 8TH |
|
West Palm Beach Expos batting - Pitching for St. Petersburg Saints : RHP Richard Robinson
|
|
Batting: RHB Don Berti
|
0-0: Ball 1-0: Called Strike 1-1: Foul Ball, location: 2F 1-2: Fly out, F8 (Flyball, 8LS, EV 92.5 MPH)
|
|
Batting: LHB Jesus Alfes
|
0-0: Ball 1-0: Fly out, F9 (Flyball, 89S, EV 80.0 MPH)
|
|
Batting: RHB Humberto Cardenas
|
0-0: Ball 1-0: Foul Ball, location: 2F 1-1: Ball 2-1: Foul Ball, location: 2F 2-2: Ball 3-2: Base on Balls
|
|
Batting: LHB Michael Supczenski
|
0-0: Ball Humberto Cardenas steals 2nd base 1-0: Intentional Walk
|
|
Pitching: LHP Gregory Coughlin
|
|
|
Batting: RHB David DaCosta
|
0-0: Called Strike 0-1: Ball 1-1: SINGLE (Groundball, 56D, EV 102.5 MPH) Humberto Cardenas to third Michael Supczenski to second Runner from 3rd tries for Home, SAFE, throw by LF to home
|
|
Batting: RHB Roland Oruna
|
0-0: Ball 1-0: Called Strike 1-1: Ball 2-1: Foul Ball, location: 2F 2-2: Foul Ball, location: 2F 2-2: Ball 3-2: Foul Ball, location: 2F 3-2: Base on Balls Michael Supczenski to third David DaCosta to second
|
|
Batting: RHB Steve Kiefer
|
0-0: Called Strike 0-1: Ball 1-1: Ground out 1-3 (Groundball, 15, EV 64.4 MPH)
|
| Bottom of the 8th over - 1 run, 1 hit, 0 errors, 3 left on base; St. Petersburg 3 - West Palm Beach 8 |
| TOP OF THE 9TH |
|
St. Petersburg Saints batting - Pitching for West Palm Beach Expos : RHP Felipe Lopez
|
|
Batting: RHB Roberto Alvarez
|
0-0: Ground out 6-3 (Groundball, 56, EV 85.0 MPH)
|
|
Batting: RHB Francisco Escalera
|
0-0: Called Strike 0-1: Foul Ball, location: 2F 0-2: Strikes out looking
|
|
Batting: RHB Jeff Pyburn
|
0-0: Ball 1-0: Foul Ball, location: 2F 1-1: Foul Ball, location: 2F 1-2: Foul Ball, location: 2F 1-2: Fly out, F7 (Flyball, 7LM, EV 100.6 MPH)
|
| Top of the 9th over - 0 runs, 0 hits, 0 errors, 0 left on base; St. Petersburg 3 - West Palm Beach 8 |
|